 Dungeon Crawl Stone Soup version 0.22.1-1-ga44c0e5 (webtiles) character file.

119 Fang the Skirmisher (level 5, -1/49 HPs)
             Began as a Gargoyle Berserker on Sept 27, 2018.
             Was a Believer of Trog.
             Slain by an ogre
             ... wielding a +0 giant club
              (22 damage)
             ... on level 3 of the Dungeon.
             The game lasted 00:01:36 (1503 turns).

Fang the Skirmisher (Gargoyle Berserker)            Turns: 1503, Time: 00:01:37

Health: -1/49      AC:  6    Str: 27    XL:     5   Next: 3%
Magic:  5/5        EV: 12    Int:  7    God:    Trog [**....]
Gold:   124        SH:  0    Dex:  9    Spells: 4/4 levels left

rFire    . . .     SeeInvis .   a - +0 hand axe
rCold    . . .     Gourm    .   (no shield)
rNeg     + . .     Faith    .   b - +0 animal skin
rPois    ∞         Spirit   .   (no helmet)
rElec    +         Reflect  .   (no cloak)
rCorr    .         Harm     .   (no gloves)
MR       .....                  (no boots)
Stlth    ..........             (no amulet)
HPRegen  0.16/turn              (no ring)
MPRegen  0.09/turn              (no ring)

@: berserking, very quick
A: negative energy resistance 1, electricity resistance, unbreathing,
petrification resistance, rot immunity, AC +4
a: Berserk, Trog's Hand, Renounce Religion


You were on level 3 of the Dungeon.
You worshipped Trog.
Trog was pleased with you.
You were very hungry.

You visited 1 branch of the dungeon, and saw 3 of its levels.

You collected 124 gold pieces.

Inventory:

Hand Weapons
 a - a +0 hand axe (weapon)
Armour
 b - a +0 animal skin (worn)
Wands
 n - a wand of polymorph (14)
 r - a wand of scattershot (4)
Scrolls
 d - 5 scrolls of identify {unknown}
 f - 2 scrolls of remove curse {unknown}
 j - a scroll of immolation {unknown}
 m - a scroll of magic mapping {unknown}
 o - a scroll of fog {unknown}
 p - a scroll of amnesia {unknown}
 q - a scroll of noise {unknown}
Potions
 e - a potion of curing {unknown}
 g - a potion of invisibility {unknown}
 h - 2 potions of heal wounds {unknown}
 i - a potion of resistance {unknown}
 k - 2 potions of lignification {unknown}
 l - a potion of brilliance {unknown}
Comestibles
 c - 5 rations


   Skills:
 + Level 4.1 Fighting
 + Level 3.7 Axes
 + Level 2.3 Armour
 + Level 2.6 Dodging


You had 4 spell levels left.
You didn't know any spells.
Your spell library was empty.

Dungeon Overview and Level Annotations

Branches:
Dungeon (3/15)

Altars:
Vehumet
Xom


Innate Abilities, Weirdness & Mutations

You are resistant to torment.
Your stone body is resilient. (AC +4)
You are immune to poison.
You resist negative energy. (rN+)
You are resistant to electric shocks. (rElec)
You can survive without breathing.
You are immune to petrification.
You are immune to rotting.


Message History

An ogre comes into view. It is wielding a giant club.
The ogre shouts!
The hobgoblin hits you but does no damage.
You slash the hobgoblin!
You kill the hobgoblin!
Trog accepts your kill.
You hit the ogre.
The ogre is moderately wounded.
The ogre hits you with a giant club!
You are too injured to fight recklessly!
You are too injured to fight recklessly!
You are too injured to fight recklessly!
You are too injured to fight recklessly!
You are too injured to fight recklessly!
You are too injured to fight recklessly!
A red film seems to cover your vision as you go berserk!
You feel yourself moving faster!
You feel mighty!
You are feeling very hungry.
The ogre hits you with a giant club!!
You die...

#.####### #†# #. #.# #.#
#.# #.# #.# ######.#
#.####......## ####
.............#####...# #
#.####.####........#....
#.###...###.....@O......
#.##.....##.###.########
.).#.†.†..#.# #.#
.....)......# #.#
...#.......## ...
#.#......#......#
#..........######
#.#.....#.## #.##...##.#


You could see an ogre.

Vanquished Creatures
  6 adders
  A dart slug (D:3)
  A leopard gecko (D:1)
  A ball python (D:2)
  3 giant cockroaches
  6 goblins
  11 hobgoblins
  8 jackals
  6 kobolds
  A quokka (D:3)
  6 bats
  4 frilled lizards
  3 rats
57 creatures vanquished.

Notes
Turn   | Place    | Note
-------+----------+-------------------------------------------
     0 | D:1      | Fang the Gargoyle Berserker began the quest for the Orb.
     0 | D:1      | Reached XP level 1. HP: 14/14 MP: 1/1
    25 | D:1      | Reached XP level 2. HP: 12/19 MP: 2/2
   527 | D:2      | Reached XP level 3. HP: 14/24 MP: 3/3
   706 | D:2      | Reached ** piety under Trog
   785 | D:2      | Reached skill level 4 in Fighting
   856 | D:2      | Reached XP level 4. HP: 29/29 MP: 4/4
  1222 | D:2      | Found a shimmering altar of Xom.
  1410 | D:3      | Found a radiant altar of Vehumet.
  1413 | D:3      | Found a faded altar of an unknown god.
  1483 | D:3      | Reached XP level 5. HP: 19/33 MP: 5/5
  1498 | D:3      | Noticed an ogre
  1503 | D:3      | Slain by an ogre

Skill      XL: |  1  2  3 |
---------------+----------+-----
Axes           | 3 |  3.7
Dodging        | 2 |  2.6
Fighting       | 4 |  4.1
Armour         | |  2.3

Action                   |  1- 3 |  4- 6 || total
-------------------------+-------+-------++-------
Melee: Hand axe          |    70 |    92 ||   162
Invok: Berserk           |     1 |     1 ||     2
  Eat: Chunk             |       |     3 ||     3
Armor: Animal skin       |    29 |    46 ||    75
Dodge: Dodged            |    52 |    82 ||   134
